Map: Ulrena

Players

Immortality - Winner!

  • Race: Protoss Protoss
  • League: Diamond

MorN

  • Race: Terran Terran
  • League: Diamond

VOD

Have the link to the VOD?

Description

Time

  • Played on: Nov. 17, 2015, 5:34 p.m.
  • Length: 13:26
Show
View Real Time Build Order
Export as new Build Order

Immortality Protoss - Winner!

Build Orders: Dark Templar Rush 

Get SALT Encoding   

  12  0:01  Probe (Chrono Boost)  
  13  0:12  Probe (Chrono Boost)  
  14  0:19  Pylon  
  14  0:23  Probe (Chrono Boost)  
  15  0:38  Probe (Chrono Boost)  
  15  0:39  Gateway  
  16  0:47  Assimilator  
  16  0:48  Probe (Chrono Boost)  
  17  0:59  Probe (Chrono Boost), Pylon  
  18  1:09  Probe (Chrono Boost)  
  19  1:20  Probe (Chrono Boost)  
  20  1:27  Cybernetics Core  
  20  1:30  Probe (Chrono Boost)  
  21  1:41  Probe (Chrono Boost)  
  22  1:53  Nexus  
  22  1:55  Assimilator  
  22  2:00  Probe (Chrono Boost)  
  23  2:10  Twilight Council  
  23  2:12  Warp Gate (Chrono Boost)  
  23  2:18  Probe (Chrono Boost)  
  24  2:27  Pylon  
  24  2:28  Probe (Chrono Boost)  
  25  2:33  Adept  
  27  2:39  Probe (Chrono Boost)  
  28  2:47  Dark Shrine  
  28  2:50  Probe (Chrono Boost)  
  29  3:00  Probe (Chrono Boost)  
  30  3:09  Probe (Chrono Boost)  
  30  3:11  Mothership Core (Chrono Boost)  
  33  3:13  Pylon  
  33  3:18  Probe (Chrono Boost)  
  34  3:28  Gateway  
  34  3:31  Gateway  
  34  3:33  Probe  
  35  3:34  Probe  
  36  3:45  Probe x2  
  36  3:48  Pylon  
  37  3:57  Probe x2  
  37  3:58  Robotics Facility  
  39  4:10  Probe  
  39  4:12  Assimilator  
  39  4:14  Assimilator  
  39  4:15  Probe  
  40  4:21  Dark Templar  
  40  4:23  Probe  
  43  4:26  Probe  
  44  4:33  Forge  
  44  4:35  Probe  
  44  4:36  Probe  
  44  4:38  Stalker  
  46  4:43  Stalker  
  46  4:47  Probe x2  
  46  4:50  Warp Prism  
  50  4:57  Dark Templar  
  50  4:59  Probe x2  
  54  5:11  Probe  
  54  5:13  Protoss Ground Weapons Level 1 (Chrono Boost)  
  53  5:23  Nexus  
  53  5:24  Probe  
  54  5:37  Dark Templar x2, Robotics Bay  
  54  5:40  Dark Templar  
  54  5:41  Probe  
  54  5:42  Probe  
  61  5:54  Probe  
  62  6:00  Probe  
  63  6:10  Probe  
  60  6:12  Stalker x2  
  60  6:18  Probe  
  63  6:27  Gateway  
  63  6:28  Disruptor  
  63  6:30  Sentry, Probe, Pylon  
  63  6:31  Probe, Gateway  
  70  6:33  Probe, Pylon  
  70  6:38  Pylon  
  71  6:40  Probe  
  71  6:43  Probe  
  71  6:46  Blink (Chrono Boost)  
  73  6:48  Probe  
  73  6:51  Assimilator x2  
  73  6:52  Pylon  
  73  6:53  Dark Templar, Probe  
  77  7:05  Probe  
  77  7:07  Sentry x2  
  82  7:09  Probe x2  
  84  7:16  Pylon  
  84  7:18  Probe  
  84  7:20  Pylon  
  84  7:22  Probe  
  85  7:24  Disruptor  
  89  7:30  Zealot x3  
  95  7:42  Zealot  
  95  7:43  Zealot  
  99  7:53  Protoss Ground Weapons Level 2  
  99  7:57  Zealot  
  95  8:04  Disruptor (Chrono Boost)  
  98  8:09  Stalker x4  
  98  8:10  Gateway  
  104  8:13  Gateway  
  104  8:14  Gateway x2  
  99  8:24  Zealot  
  97  8:29  Pylon  
  95  8:38  Zealot x4, Charge (Chrono Boost)  
  95  8:39  Disruptor (Chrono Boost)  
  95  8:40  Probe  
  89  8:54  Zealot  
  85  8:59  Zealot x4  
  85  9:00  Probe  
  85  9:01  Probe x2  
  93  9:04  Pylon  
  93  9:10  Disruptor (Chrono Boost)  
  93  9:16  Stalker  
  98  9:21  Zealot  
  98  9:22  Zealot x3  
  98  9:23  Adept x4  
  88  9:46  Zealot x5  
  88  9:47  Zealot x4  
  88  9:49  Mothership Core  
  106  9:58  Probe  
  106  9:59  Probe  
  106  10:09  Disruptor  
  109  10:15  Templar Archives  
  109  10:16  Nexus  
  109  10:17  Dark Templar  
  109  10:20  Dark Templar  
  111  10:50  Dark Templar x3  
  117  10:59  Disruptor  
  120  11:08  Adept x2  
  124  11:11  Pylon  
  124  11:13  Pylon  
  124  11:14  Pylon  
  124  11:16  Pylon  
  124  11:17  Pylon  
  124  11:19  Pylon  
  124  11:21  Pylon  
  124  11:22  Pylon  
  124  11:25  Assimilator  
  124  11:30  Assimilator  
  124  11:31  Forge  
  124  11:37  High Templar  
  124  11:38  High Templar x4  
  124  11:39  High Templar x2  
  138  11:40  High Templar  
  138  11:41  Archon  
  138  11:42  Archon  
  138  11:43  Archon  
  138  11:45  Archon  
  140  11:51  Probe x2  
  142  11:56  Dark Templar  
  144  12:11  Zealot  
  144  12:12  Zealot x6  
  158  12:21  Probe  
  157  12:39  Zealot x3  
  157  12:40  Zealot x6  
  175  12:46  Probe x2  
  169  12:59  Nexus  
  141  13:18  Zealot x6  
  141  13:19  Zealot x2  
Show
View Real Time Build Order
Export as new Build Order

MorN Terran 

Build Orders: MMM Bio 

Get SALT Encoding   

  12  0:01  SCV  
  13  0:13  SCV  
  14  0:17  Supply Depot  
  14  0:25  SCV  
  15  0:39  SCV  
  15  0:40  Barracks  
  16  0:44  Refinery  
  16  0:51  SCV  
  17  1:04  SCV  
  18  1:16  SCV  
  19  1:27  Marine  
  19  1:30  Orbital Command  
  20  1:44  Command Center  
  20  1:48  Marine  
  21  1:59  Factory  
  21  2:12  Supply Depot, Marine  
  22  2:16  SCV  
  23  2:33  SCV, Marine  
  25  2:44  Factory Tech Lab  
  25  2:45  SCV  
  26  2:53  Marine  
  26  2:57  SCV, Bunker  
  26  2:58  Orbital Command  
  28  3:03  Cyclone  
  31  3:10  SCV  
  31  3:11  Barracks  
  31  3:12  Marine  
  33  3:17  Refinery  
  33  3:22  SCV  
  33  3:23  Supply Depot  
  33  3:27  SCV  
  33  3:34  SCV  
  35  3:37  Engineering Bay  
  35  3:39  SCV  
  36  3:45  Cyclone  
  39  3:49  SCV  
  40  3:56  SCV  
  40  4:00  Barracks Tech Lab  
  41  4:05  Missile Turret  
  41  4:20  SCV, Missile Turret  
  42  4:26  Missile Turret  
  42  4:29  Barracks  
  42  4:35  Factory Reactor  
  42  4:36  Stimpack  
  42  4:41  SCV  
  43  4:46  SCV  
  43  4:48  Terran Infantry Weapons Level 1  
  43  4:50  Refinery  
  43  4:52  Marauder  
  46  4:53  SCV  
  46  4:58  SCV  
  48  5:04  Supply Depot  
  48  5:05  SCV  
  49  5:10  SCV  
  50  5:17  SCV  
  50  5:18  Starport  
  50  5:20  Factory Reactor  
  51  5:25  Marine x2  
  51  5:26  Marauder x2  
  51  5:27  SCV  
  58  5:31  SCV  
  58  5:32  Supply Depot  
  59  5:39  SCV  
  60  5:43  SCV  
  60  5:45  Supply Depot  
  60  5:46  Command Center  
  61  5:51  SCV  
  61  5:53  Marauder, Marine x2  
  61  5:54  Combat Shields  
  49  6:23  Missile Turret  
  46  6:25  Marine x2  
  46  6:26  Marauder  
  46  6:32  Medivac x2, Marauder  
  56  6:34  SCV  
  56  6:35  Supply Depot  
  57  6:44  Terran Infantry Armor Level 1, Marine x2, SCV  
  60  6:47  Marauder  
  60  6:52  SCV  
  63  6:56  SCV  
  64  7:04  SCV  
  64  7:06  Orbital Command  
  64  7:08  SCV  
  64  7:14  Refinery  
  64  7:15  Missile Turret, Marauder  
  67  7:16  SCV  
  67  7:20  Marine  
  67  7:21  SCV  
  70  7:27  Marauder  
  70  7:28  SCV  
  73  7:33  SCV  
  76  7:37  Marauder  
  76  7:39  Marine x2  
  76  7:40  SCV  
  79  7:45  SCV  
  79  7:48  Marauder  
  80  7:57  Marine  
  80  7:58  Marauder  
  83  7:59  Marine  
  84  8:05  SCV x2  
  84  8:09  Barracks x2, Marauder  
  86  8:15  Marine  
  86  8:19  Marauder  
  88  8:24  Marine  
  85  8:31  Marauder  
  85  8:32  Marine  
  88  8:41  Marauder  
  82  8:52  Marauder  
  80  9:01  Marine x2  
  80  9:02  Marauder  
  84  9:03  Medivac  
  84  9:07  SCV x2  
  88  9:13  Refinery  
  88  9:16  SCV  
  88  9:19  SCV  
  88  9:20  SCV  
  89  9:28  SCV  
  89  9:31  SCV  
  89  9:35  Medivac  
  83  9:46  Marauder x2  
  83  9:51  Orbital Command  
  73  10:00  Marine  
  73  10:01  Barracks Reactor, Barracks Tech Lab, Marine  
  73  10:02  SCV x2  
  75  10:07  Factory Reactor, Marauder  
  75  10:11  Barracks  
  75  10:12  Barracks  
  75  10:14  Barracks  
  78  10:21  SCV x3  
  78  10:24  Marine x3, Medivac  
  78  10:25  Marauder  
  87  10:33  SCV x3  
  88  10:45  SCV x3  
  88  10:47  Missile Turret  
  88  10:48  Missile Turret  
  88  10:49  Concussive Shells, Medivac  
  92  10:54  Medivac  
  94  10:57  SCV  
  94  10:59  Engineering Bay  
  94  11:01  Engineering Bay  
  91  11:07  Widow Mine x2  
  95  11:18  Marine x3  
  97  11:19  Barracks Tech Lab, Marauder  
  97  11:20  Barracks Reactor  
  100  11:26  Command Center, Supply Depot  
  100  11:27  Supply Depot  
  100  11:28  Refinery x2  
  100  11:29  Supply Depot, Marine  
  101  11:48  Viking x2, Marine x7  
  101  11:49  Marauder  
  101  11:52  Armory  
  114  11:57  Barracks Tech Lab  
  114  11:59  SCV x2  
  116  12:02  Marine  
  116  12:06  Marauder x2, Marine  
  116  12:07  Marauder  
  124  12:09  Marine  
  125  12:22  Supply Depot x3  
  125  12:24  Supply Depot  
  125  12:28  Marine  
  125  12:29  Marine  
  125  12:30  Marine x2  
  125  12:37  Marine x2, Widow Mine  
  125  12:38  SCV x2, Marauder x4  
  139  12:46  Marauder  
  139  12:47  Marine  
  139  12:48  Marine x2  
  139  12:51  Medivac x2  
  142  12:59  Marauder x4  
  133  13:07  Marine x2  
Tags
 
Composition
MMM Bio
Matchup
PvT
Replay Pack
MorN pack 2
Add a new tag
Caveats
  • Supply blocks, unpowered buildings, or Contaminate may cause inaccurate times.
  • Supply counts are checked every 10 seconds.